 Dungeon Crawl Stone Soup version 0.25-a0-697-g890751e744 (webtiles) character file.

Game seed: 15359145008161862341, levelgen mode: deterministic

776 kae the Ruffian (level 7, -1/52 HPs)
             Began as a Pale Draconian Transmuter on Mar 31, 2020.
             Slain by an orc warrior
             ... wielding a +1 long sword of draining
              (16 damage)
             ... on level 7 of the Dungeon.
             The game lasted 00:05:26 (4379 turns).

kae the Ruffian (Pale Draconian Transmuter)         Turns: 4379, Time: 00:05:27

Health: -1/52      AC:  7    Str: 13    XL:     7   Next: 54%
Magic:  11/13      EV: 11    Int: 15    God:
Gold:   54         SH:  0    Dex: 11    Spells: 8/14 levels left

rFire    . . .     SeeInvis .     - Unarmed
rCold    . . .     Gourm    .   (no shield)
rNeg     . . .     Faith    .   (armour unavailable)
rPois    .         Spirit   .   (helmet restricted)
rElec    .         Reflect  .   e - +0 cloak
rCorr    .         Harm     .   (no gloves)
MR       .....                  (no boots)
Stlth    +.........             (no amulet)
HPRegen  0.17/turn              (no ring)
MPRegen  0.13/turn              (no ring)

@: short of breath, heavily drained
A: breathe steam, unfitting armour, cold-blooded, AC +6
a: Breathe Steam


You were on level 7 of the Dungeon.
You were hungry.

You visited 2 branches of the dungeon, and saw 6 of its levels.

You collected 106 gold pieces.
You spent 52 gold pieces at shops.

Inventory:

Missiles
 a - 45 arrows
Armour
 e - a +0 cloak (worn)
Jewellery
 f - a cursed ring of resist corrosion
Potions
 h - a potion of degeneration
 i - a potion of resistance
Comestibles
 b - a chunk of flesh
 c - 4 rations


   Skills:
 - Level 1.1(0.0) Fighting
 - Level 1.7(0.6) Dodging
 * Level 6.7(5.4) Unarmed Combat
 + Level 4.2(3.0) Spellcasting
 + Level 4.5(3.4) Transmutations


You had 8 spell levels left.
You knew the following spells:

 Your Spells              Type           Power        Failure   Level  Hunger
a - Beastly Appendage     Tmut           ##....       4%          1    #......
b - Sticks to Snakes      Tmut           ##......     8%          2    ##.....
c - Spider Form           Tmut/Pois      #.........   30%         3    ###....

Your spell library contained the following spells:

 Spells                   Type           Power        Failure   Level  Hunger
 Ice Form                 Ice/Tmut       #.......     69%         4    #####..
 Blade Hands              Tmut           ##........   80%         5    ######.


Dungeon Overview and Level Annotations

Branches:
Dungeon (4/15)             Temple (1/1) D:4

Altars:
Ashenzari
Cheibriados
Dithmenos
Elyvilon
Makhleb
Okawaru
Ru
Uskayaw
Xom
Yredelemnul
Zin
The Shining One

Shops:
D:4 [*


Innate Abilities, Weirdness & Mutations

You can breathe blasts of scalding, opaque steam.
Your pale cyan-grey scales are hard. (AC +6)
You cannot fit into any form of body armour.
You are cold-blooded and may be slowed by cold attacks.


Message History

Press: ? - help, Shift-Dir - straight line You exhale a blast of scalding steam.
The ball of steam hits the orc warrior but does no damage.
You feel somewhat more hungry. The orc warrior barely misses you.
You closely miss the orc warrior. You tail-slap the orc warrior.
The orc warrior is lightly wounded.
You hit the orc warrior.
The orc warrior is lightly wounded.
The orc warrior is engulfed in a cloud of scalding steam.
The orc warrior barely misses you.
You hit the orc warrior but do no damage.
Your tail-slap misses the orc warrior.
The orc warrior is heavily wounded.
The orc warrior hits you with a +1 long sword of draining!
* * * LOW HITPOINT WARNING * * *
You feel drained.
You closely miss the orc warrior.
The orc warrior is heavily wounded.
The orc warrior hits you with a +1 long sword of draining!
You die...

.......#.# #...###
.......#.####.#.##
#($$...#.....###.#
####.########.#.##
#$ #...## #.
#.รท.# #...#
#..#######...#
#......@o....#
#..#######..##
.#######..#
..........#
.#######.## #.#
#.# #.# .(#


You could see an orc warrior.

Vanquished Creatures
  A sky beast (D:7)
  An ogre (D:4)
  A bullfrog (D:7)
  A water moccasin zombie (D:7)
  A crimson imp (D:2)
  A centaur zombie (D:7)
  2 hounds
  2 orc wizards (D:4)
  A bullfrog skeleton (D:4)
  An orc priest (D:4)
  Natasha (D:2)
  3 worker ants
  5 adders
  2 oozes
  3 worms (D:2)
  A dart slug (D:4)
  2 leopard geckos
  11 orcs
  A ball python (D:1)
  6 giant cockroaches
  10 goblins
  3 hobgoblins
  7 jackals
  9 kobolds
  6 bats
  7 frilled lizards
  5 rats
94 creatures vanquished.

Notes
Turn   | Place    | Note
-------+----------+-------------------------------------------
     0 | D:1      | kae the Draconian Transmuter began the quest for the Orb.
     0 | D:1      | Reached XP level 1. HP: 16/16 MP: 3/3
   107 | D:1      | Reached XP level 2. HP: 20/23 MP: 3/5
   680 | D:1      | You fall into a shaft and drop 1 floor!
   698 | D:2      | Reached XP level 3. HP: 27/28 MP: 4/6
   848 | D:2      | Reached skill level 4 in Unarmed Combat
  1046 | D:2      | Found a burning altar of Makhleb,
  1093 | D:2      | Reached XP level 4. HP: 20/35 MP: 5/8
  2067 | D:3      | Noticed Natasha
  2084 | D:2      | Killed Natasha
  2084 | D:2      | Reached XP level 5. HP: 32/40 MP: 7/9
  2181 | D:3      | Found a snail-covered altar of Cheibriados,
  2194 | D:3      | You fall into a shaft and drop 1 floor!
  2304 | D:4      | Found Rogaolis's Antique Armour Shop,
  2446 | D:4      | Learned a level 2 spell: Sticks to Snakes
  2450 | D:4      | Learned a level 3 spell: Spider Form
  2804 | D:4      | Reached skill level 5 in Unarmed Combat
  3156 | D:4      | Reached XP level 6. HP: 41/47 MP: 7/10
  3227 | D:4      | Found a staircase to the Ecumenical Temple,
  3362 | Temple   | Entered the Ecumenical Temple
  3635 | D:4      | Found Xarghazum's General Store,
  3641 | D:4      | Bought a scroll of identify for 26 gold pieces
  3641 | D:4      | Bought a scroll of identify for 26 gold pieces
  3677 | D:4      | Found a shattered altar of Ashenzari,
  3771 | D:4      | You fall into a shaft and drop 3 floors!
  3911 | D:7      | Reached skill level 6 in Unarmed Combat
  4129 | D:7      | Your scales start taking on a pale cyan-grey colour.
  4129 | D:7      | Reached XP level 7. HP: 36/52 MP: 9/12
  4379 | D:7      | Slain by an orc warrior

Levels and vault maps discovered:
D:1:      sevenhm_arrival_forest_fort_large_4, layout_loops_ring
D:2:      layout_rooms, makhleb_grotto_becter
D:3:      layout_basic, old_standard_altar, lemuel_doored_altar, uniq_sigmund,
          uniq_terence, uniq_natasha
D:4:      layout_gridville, minmay_temple_entry_tees, serial_shops, shop,
          shop_fountains, shop, evilmike_ruin_ashenzari
D:7:      layout_loops_ring, grunt_temple_overflow_growth_and_decay,
          kennysheep_generic_room_6
Temple:   dpeg_chambers_temple

Skill      XL: |  1  2  3  4  5  6  7 |
---------------+----------------------+-----
Unarmed Combat | 4 5 6 |  6.7
Transmutations | 3 4 |  4.5
Spellcasting   | 3 4 |  4.2
Fighting       | |  1.1
Dodging        | |  1.7

Action                   |  1- 3 |  4- 6 |  7- 9 || total
-------------------------+-------+-------+-------++-------
Melee: Unarmed           |   128 |   197 |    30 ||   355
       Tailslap          |    13 |    11 |     1 ||    25
       Punch             |     2 |     1 |       ||     3
       Kick              |     6 |     8 |       ||    14
       Headbutt          |     5 |     4 |       ||     9
 Cast: Beastly Appendage |    17 |    17 |       ||    34
       Spider Form       |       |    14 |     4 ||    18
 Abil: Breathe Steam     |       |       |     1 ||     1
  Use: Scroll            |       |    11 |     1 ||    12
       Potion            |       |       |     2 ||     2
  Eat: Chunk             |     1 |     8 |     1 ||    10
       Ration            |       |     1 |       ||     1
Armor: Skin              |    52 |    34 |     1 ||    87
Dodge: Dodged            |    84 |   145 |    28 ||   257

Table legend:
 A = Non-vault XP
 B = Vault XP
 C = Vault XP percentage of total XP
 D = Non-vault monster count
 E = Vault monster count
 F = Vault count percentage of total count
                 A         B        C        D         E       F
            +---------+---------+-------+---------+---------+-------
      Total |    1026 |      83 |   7.5 |      92 |       2 |   2.1
            +---------+---------+-------+---------+---------+-------
        D:1 |      38 |       0 |   0.0 |      19 |       0 |   0.0
        D:2 |      75 |      83 |  52.5 |      32 |       2 |   5.9
        D:3 |      37 |       0 |   0.0 |       8 |       0 |   0.0
        D:4 |     446 |       0 |   0.0 |      24 |       0 |   0.0
        D:7 |     430 |       0 |   0.0 |       9 |       0 |   0.0
            +---------+---------+-------+---------+---------+-------
